 Dungeon Crawl Stone Soup version 0.29.1-15-g9cfb28693d (webtiles) character file.

Game seed: 7893925387638221660

15153 H0rd4k the Thaumaturge (level 12, -3/92 HPs)
             Began as a Human Artificer on Apr 27, 2023.
             Was an Initiate of Gozag.
             Engulfed by a cloud of freezing vapour (25 damage)
             ... in an ice cave on Apr 28, 2023.
             The game lasted 00:30:31 (15069 turns).

H0rd4k the Thaumaturge (Human Artificer)           Turns: 15069, Time: 00:30:32

Health: -3/92      AC: 15    Str: 12    XL:     12   Next: 54%
Magic:  0/24       EV: 20    Int: 22    God:    Gozag
Gold:   2003       SH:  0    Dex: 19    Spells: 28/28 levels left

rFire   + + .      SeeInvis .   f - +7 mace "Utoc" {vorpal, Dex+4}
rCold   x . .      Faith    .   (no shield)
rNeg    . . .      Spirit   +   z - +3 leather armour {rF+}
rPois   +          Reflect  .   l - +2 hat
rElec   .          Harm     .   N - +1 cloak {rPois}
rCorr   +          Rampage  .   J - +0 pair of gloves {infuse}
Will    .....                   D - +2 pair of boots
Stlth   ++++......              c - amulet "Kefiucsue" {Spirit Fly rF+ rC- rCorr}
HPRegen 0.25/turn               y - +6 ring of intelligence
MPRegen 0.19/turn               A - +4 ring of evasion

@: gold aura, flying
A: no striking features
a: Renounce Religion, Potion Petition, Call Merchant, Bribe Branch


You were in an ice cave.
You worshipped Gozag.
Gozag was most pleased with you.
You visited 2 branches of the dungeon, and saw 13 of its levels.
You also visited: Ice Cave.

You collected 3035 gold pieces.
You spent 187 gold pieces at shops.
You paid 845 gold pieces to Gozag.

Inventory:

Hand Weapons
 f - the +7 mace "Utoc" (weapon) {vorpal, Dex+4}
   (You took it off a gnoll on level 7 of the Dungeon)

   It inflicts extra damage upon your enemies.
   Dex:       It affects your dexterity (+4).
 E - a +0 morningstar of protection
Missiles
 o - 16 poisoned darts (quivered)
 F - 2 throwing nets
 H - 4 datura-tipped darts
Armour
 l - a +2 hat (worn)
 z - a +3 leather armour of fire resistance (worn)
 D - a +2 pair of boots (worn)
 J - a +0 pair of gloves of infusion (worn)
 N - a +1 cloak of poison resistance (worn)
Magical Staves
 O - a staff of conjuration
Jewellery
 b - an amulet of regeneration
 c - the amulet "Kefiucsue" (around neck) {Spirit Fly rF+ rC- rCorr}
   (You acquired it on level 11 of the Dungeon)

   [amulet of guardian spirit]

   It causes incoming damage to be divided between your reserves of health and
   magic.
   rF:        It protects you from fire.
   rC:        It makes you vulnerable to cold.
   Fly:       It grants you flight.
   rCorr:     It protects you from acid and corrosion.
 e - a ring of willpower
 r - an amulet of magic regeneration
 y - a +6 ring of intelligence (left hand)
 A - a +4 ring of evasion (right hand)
Wands
 R - a wand of roots (7)
Scrolls
 a - 5 scrolls of noise
 d - a scroll of poison {unknown}
 g - 2 scrolls of vulnerability {unknown}
 h - 2 scrolls of butterflies {unknown}
 j - a scroll of silence {unknown}
 m - a scroll of enchant armour {unknown}
 p - 2 scrolls of blinking {unknown}
 q - 3 scrolls of teleportation
 s - 2 scrolls of magic mapping
 K - 7 scrolls of identify
 L - a scroll of enchant weapon {unknown}
 Q - a scroll of brand weapon {unknown}
Potions
 i - 3 potions of brilliance
 k - a potion of invisibility
 n - a potion of attraction
 t - 3 potions of ambrosia
 u - 3 potions of lignification
 v - 3 potions of haste
 w - 2 potions of curing
 x - a potion of resistance
 B - a potion of heal wounds {unknown}
 C - 2 potions of berserk rage {unknown}
 G - 2 potions of magic {unknown}
 I - a potion of flight {unknown}
 P - a potion of degeneration {unknown}
Miscellaneous
 S - a tin of tremorstones (2/2)


   Skills:
 - Level 7.9 Fighting
 + Level 7.0 Maces & Flails
 + Level 5.3 Throwing
 + Level 5.8 Armour
 - Level 7.3 Dodging
 + Level 8.1 Stealth
 * Level 8.6 Spellcasting
 + Level 5.1 Evocations


You had 28 spell levels left.
You didn't know any spells.
Your spell library contained the following spells:

 Spells                   Type           Power      Damage    Failure   Level
 Freeze                   Ice            36%        1d6       9%          1
 Dazzling Flash           Conj/Hex       18%        N/A       26%         3
 Frozen Ramparts          Ice            18%        1d3       26%         3
 Gell's Gravitas          Tloc           9%         N/A       26%         3
 Lesser Beckoning         Tloc           9%         N/A       26%         3
 Teleport Other           Tloc           9%         N/A       26%         3
 Hailstorm                Conj/Ice       9%         3d4       65%         4
 Agony                    Necr           9%         N/A       94%         5
 Silence                  Hex/Air        4%         N/A       94%         5


Dungeon Overview and Level Annotations

Branches:
Dungeon (12/15)            Temple (1/1) D:4            Lair (0/5) D:8
    Orc (0/2) D:12          IceCv (1/1)

Altars:
Ashenzari
Cheibriados
Dithmenos
Fedhas
Gozag
Hepliaklqana
Kikubaaqudgha
Makhleb
Nemelex Xobeh
Okawaru
Qazlal
Ru
Sif Muna
Trog
Uskayaw
Vehumet
Wu Jian
Xom
Yredelemnul
Zin
The Shining One

Shops:
D:5 (   D:6 *   D:8 [

Annotations:
D:3 3 runed translucent doors, Descartes's ghost, weakling SpCj
D:4 exclusion: downstairs
D:5 Prince Ribbit
D:6 exclusion: ice beast
D:7 exclusion: downstairs
D:8 exclusion: 3 downstairs
D:9 3 runed translucent doors, exclusion: downstairs, Erolcha; Henri's ghost, novice OpVM; dvd2's ghost, journeyman DsMo
D:10 exclusion: upstairs
D:11 2 transporters, exclusion: downstairs, Eitelfritz's ghost, journeyman GrEE IceCv exclusion: ice statue


Message History

Really fly into a travel-excluded area?
You barely miss the ice statue.
The ice statue is lightly damaged.
The ice statue gestures at you. The shard of ice misses you.
You hit the ice statue but do no damage.
The ice statue is lightly damaged.
You sock the ice statue!
The ice statue is heavily damaged.
The ice statue gestures at you. The bolt of cold misses you.
You thump the ice statue!
The ice statue is severely damaged.
You hit the ice statue.
The ice statue is severely damaged.
The ice statue gestures.
You hit the ice statue.
The ice statue is severely damaged.
The ice statue gestures.
You sock the ice statue!
The ice statue is almost destroyed.
The ice statue gestures.
You hit the ice statue but do no damage.
The ice statue is almost destroyed.
The ice statue gestures at you. The freezing blast engulfs you!!
You feel a terrible chill! The ice beast barely misses you.
You sock the ice statue!
You destroy the ice statue!
The ice beast disappears in a puff of smoke!
You are engulfed in freezing vapours.
The ice statue gestures.
You are engulfed in freezing vapours.
* * * LOW HITPOINT WARNING * * *
The ice beast hits you but does no damage.
The ice beast attacks as you move away! The ice beast completely misses you.
The ice beast attacks as you move away! The ice beast closely misses you.
You are engulfed in freezing vapours.
You die...
Your body crumbles into a pile of gold.

##...#####
##.((.....## #
#..........## .#
##..........#...
#...............
#..Y..°○°....#
#....YY☼°..#
#8#...○#§###
####.@#### ##..#
##..## #..##
#...## ##...##
##...# ##...#
#...##


You could see 3 ice beasts.

Vanquished Creatures
  Gastronok (D:8)
  A centaur warrior (D:11)
  2 two-headed ogres (D:10)
  A manticore (D:11)
  An ice statue (IceCv)
  Maurice (D:9)
  2 gargoyles (D:10)
  A komodo dragon (D:10)
  2 rime drakes (D:12)
  An ice devil (IceCv)
  2 hornets
  A wraith (D:11)
  3 wyverns (D:8)
  Sigmund (D:3)
  19 yaks
  Eustachio (D:4)
  A steam dragon (D:10)
  2 basilisks (D:8)
  Menkaure (D:4)
  An acid dragon (D:8)
  Duvessa (D:7)
  3 water moccasins (D:8)
  6 orc warriors
  5 black bears
  A sky beast (D:7)
  7 centaurs
  2 wolves (D:8)
  4 kobold brigands
  A phantom (D:6)
  A gnoll sergeant (D:11)
  A bullfrog (D:8)
  3 scorpions (D:6)
  2 necrophages
  6 wights
  6 killer bees (D:9)
  8 howler monkeys
  6 electric eels
  A hound (D:6)
  8 orc priests
  A jelly (D:4)
  3 iguanas
  Ijyb (D:4)
  5 orc wizards
  A wolf simulacrum (IceCv)
  A troll simulacrum (IceCv)
  6 gnolls
  4 naga simulacra (IceCv)
  9 adders
  2 white imps
  An ufetubus (D:5)
  5 worms
  27 orcs
  7 bats
  8 endoplasms
  3 giant cockroaches
  10 hobgoblins
  3 quokkas
  8 ball pythons
  3 frilled lizards
  4 goblins
  25 kobolds
  4 rats
258 creatures vanquished.

Vanquished Creatures (collateral kills)
  A necrophage (D:6)
  A gnoll sergeant (D:7)
  A scorpion (D:6)
  Dowan (D:6)
  A hound (D:6)
  2 gnolls (D:7)
  A kobold (D:2)
8 creatures vanquished.

Vanquished Creatures (others)
  A water moccasin (D:7)
  A black bear (D:6)
  A ball python (D:2)
  A kobold (D:2)
  11 plants
  5 withered plants (D:9)
20 creatures vanquished.

Grand Total: 286 creatures vanquished

Notes
Turn   | Place    | Note
-------+----------+-------------------------------------------
     0 | D:1      | H0rd4k the Human Artificer began the quest for the Orb.
     0 | D:1      | Reached XP level 1. HP: 15/15 MP: 1/1
   390 | D:1      | Reached XP level 2. HP: 19/21 MP: 2/2
   843 | D:1      | Found a faded altar of an unknown god.
   855 | D:1      | Reached XP level 3. HP: 26/26 MP: 3/3
  1484 | D:2      | Reached skill level 1 in Maces & Flails
  1659 | D:2      | Reached XP level 4. HP: 18/32 MP: 4/4
  3446 | D:2      | Reached XP level 5. HP: 12/37 MP: 5/5
  4100 | D:3      | Noticed Sigmund
  4104 | D:3      | Killed Sigmund
  4105 | D:3      | Reached XP level 6. HP: 46/46 MP: 6/6
  4423 | D:3      | Found a shimmering altar of Xom.
  4457 | D:3      | Found a shimmering altar of Xom.
  4458 | D:3      | Found a shimmering altar of Xom.
  4458 | D:3      | Found a shimmering altar of Xom.
  4458 | D:3      | Found a shimmering altar of Xom.
  4489 | D:3      | Found a bloodstained altar of Trog.
  4498 | D:3      | Found a runed translucent gate.
  4498 | D:3      | Found a runed translucent gate.
  4498 | D:3      | Found a runed translucent gate.
  4500 | D:3      | Noticed Descartes's ghost (weakling SpCj)
  4506 | D:3      | Found a broken altar of Ashenzari.
  4511 | D:3      | Found a sparkling altar of Nemelex Xobeh.
  4512 | D:3      | Found a sacrificial altar of Ru.
  4514 | D:3      | Found a shadowy altar of Dithmenos.
  4514 | D:3      | Found a basalt altar of Yredelemnul.
  4515 | D:3      | Found a hide-covered altar of Uskayaw.
  4517 | D:3      | Found a glowing golden altar of the Shining One.
  4879 | D:4      | Found a staircase to the Ecumenical Temple.
  4910 | Temple   | Entered the Ecumenical Temple
  5066 | Temple   | Became a worshipper of Gozag Ym Sagoz the Greedy
  5187 | D:4      | Noticed Menkaure
  5192 | D:4      | Killed Menkaure
  5193 | D:4      | Reached skill level 1 in Spellcasting
  5193 | D:4      | Reached XP level 7. HP: 51/51 MP: 6/8
  5505 | D:4      | Noticed Eustachio
  5512 | D:4      | Killed Eustachio
  5513 | D:4      | Reached skill level 5 in Maces & Flails
  5751 | D:4      | Noticed Ijyb
  5762 | D:4      | Killed Ijyb
  5959 | D:5      | Entered Level 5 of the Dungeon
  6199 | D:5      | Found Wooqip's Weapon Shop.
  6218 | D:5      | Found a snail-covered altar of Cheibriados.
  6262 | D:5      | Reached XP level 8. HP: 37/55 MP: 10/10
  6369 | D:5      | Noticed Prince Ribbit
  6759 | D:6      | Found Enam's Assorted Antiques.
  7273 | D:6      | Noticed Duvessa
  7274 | D:6      | Noticed Dowan
  7293 | D:6      | Killed Dowan
  7756 | D:6      | Reached XP level 9. HP: 16/65 MP: 13/13
  8497 | D:6      | Found a radiant altar of Vehumet.
  8500 | D:6      | Found a glowing silver altar of Zin.
  8721 | D:7      | Identified the +7 mace "Utoc" {vorpal, Dex+4}
  8738 | D:7      | Killed Duvessa
  8851 | D:7      | Reached skill level 1 in Throwing
  8970 | D:7      | Found a stormy altar of Qazlal.
  9377 | D:7      | Identified a scroll of acquirement
  9377 | D:7      | Acquired 706 gold pieces
  9397 | D:8      | Noticed Gastronok
  9552 | D:8      | Reached skill level 5 in Fighting
  9603 | D:8      | Reached skill level 5 in Dodging
  9614 | D:8      | Found a staircase to the Lair.
  9635 | D:8      | Reached XP level 10. HP: 57/74 MP: 16/16
  9703 | D:8      | Reached skill level 5 in Spellcasting
  9808 | D:8      | Killed Gastronok
  9809 | D:8      | Reached skill level 5 in Evocations
 10244 | D:8      | Found a shimmering blue altar of Sif Muna.
 10462 | D:8      | Reached skill level 5 in Stealth
 10557 | D:8      | Reached XP level 11. HP: 68/84 MP: 19/19
 10731 | D:9      | Noticed Erolcha
 10764 | D:9      | Paralysed by a hornet for 1 turns
 10966 | D:8      | Bought a pair of runed gloves for 187 gold pieces
 11034 | D:9      | Noticed Maurice
 11072 | D:10     | Entered Level 10 of the Dungeon
 11344 | D:10     | Noticed a two-headed ogre
 11379 | D:10     | Noticed a two-headed ogre
 11509 | D:9      | Found a runed translucent gate.
 11510 | D:9      | Found a runed translucent gate.
 11514 | D:9      | Noticed dvd2's ghost (journeyman DsMo)
 11516 | D:9      | Found a runed translucent gate.
 11517 | D:9      | Noticed Henri's ghost (novice OpVM)
 11556 | D:9      | Killed Maurice
 12348 | D:10     | Found an ornate altar of the Wu Jian Council.
 12401 | D:10     | Killed a two-headed ogre
 12466 | D:10     | Killed a two-headed ogre
 12820 | D:11     | Found a transporter.
 12824 | D:11     | Found a transporter.
 12826 | D:11     | Noticed Eitelfritz's ghost (journeyman GrEE)
 12827 | D:11     | Noticed a moth of wrath
 12959 | D:11     | Reached XP level 12. HP: 92/92 MP: 13/23
 13114 | D:11     | Found a stormy altar of Qazlal.
 13690 | D:11     | Reached skill level 5 in Throwing
 13690 | D:11     | Reached skill level 5 in Armour
 13970 | D:11     | Acquired the amulet "Kefiucsue" {Spirit Fly rF+ rC- rCorr}
 14031 | D:12     | Noticed a centaur warrior
 14048 | D:11     | Killed a centaur warrior
 14224 | D:12     | Found a frozen archway.
 14248 | IceCv    | Entered an ice cave
 15069 | IceCv    | Engulfed by a cloud of freezing vapour

Illustrated notes

Levels and vault maps discovered:
D:1:      tarquinn_simple_flora_water_b, layout_rooms,
          ebering_ecumenical_altar_hall
D:2:      kennysheep_big_flooded_room, layout_loops_cross, st_stairs_4,
          grunt_ministairs_1, kennysheep_potato
D:3:      layout_rooms, nicolae_overflow_hallway_of_the_gods, xom_redecorated,
          lemuel_crystal_altar, ebering_ghost_rock_garden, uniq_sigmund
D:4:      layout_loops_ring, minmay_temple_entry_metal_lava, serial_rivers,
          chequers_serial_rivers_micro_a, chequers_serial_rivers_small_a,
          chequers_serial_rivers_small_b, chequers_serial_rivers_micro_b,
          uniq_ijyb, uniq_eustachio, uniq_menkaure
D:5:      layout_cave_pools, overflow_temple_1_default, serial_shops,
          nicolae_shop_hallway_plus, grunt_ministairs_1,
          uniq_crazy_yiuf_cottage, uniq_prince_ribbit1
D:6:      layout_basic, nicolae_overflow_squiral, serial_shops, shop,
          minmay_starry_boxes, uniq_duvessa
D:7:      layout_basic, mainiacjoe_overflow_boulevard
D:8:      layout_rooms, led_sif_pool, minmay_lair_entry_grove, chequers_jeans,
          uniq_gastronok
D:9:      layout_rooms, lemuel_tele_altar, gammafunk_ghost_cemetery,
          supply_closet_lemuel, uniq_erolcha, uniq_maurice
D:10:     layout_gridville, mainiacjoe_overflow_alcove_2,
          amcnicky_mini_pool_medium
D:11:     layout_basic, gammafunk_ghost_berserking_beasts,
          nicolae_qazlal_eye_of_the_storm
D:12:     layout_layer_cave, orc_0_dummy, portal_ice_cave_rime
Temple:   nicolae_temple_bog_church
IceCv:    ice_cave_small_demon

Skill      XL: |  1  2  3  4  5  6  7  8  9 10 11 12 |
---------------+-------------------------------------+-----
Maces & Flails | 1 2 3 4 5 6 7 |  7.0
Fighting       | 2 3 4 5 7 |  7.9
Dodging        | 2 3 5 6 7 |  7.3
Evocations     | 4 5 |  5.1
Spellcasting   | 1 3 4 5 7 8 |  8.6
Stealth        | 2 3 5 6 8 |  8.1
Throwing       | 2 3 4 5 |  5.3
Armour         | 4 5 |  5.8

Action                   |  1- 3 |  4- 6 |  7- 9 | 10-12 || total
-------------------------+-------+-------+-------+-------++-------
Melee: Mace              |    99 |   151 |   391 |   580 ||  1221
       Club              |     5 |       |       |       ||     5
       Punch             |     1 |     2 |     3 |     8 ||    14
       Morningstar       |       |       |     9 |       ||     9
Throw: Dart              |       |       |    15 |    24 ||    39
Invok: Call Merchant     |       |       |       |     1 ||     1
Evoke: Wand              |       |    11 |    30 |     2 ||    43
  Use: Scroll            |       |       |     9 |     3 ||    12
       Potion            |       |       |       |     8 ||     8
 Stab: Sleeping          |     3 |     4 |     2 |     6 ||    15
       Distracted        |       |       |     1 |     6 ||     7
Armor: Leather armour    |    42 |    38 |   144 |   137 ||   361
Dodge: Dodged            |    71 |   108 |   392 |   507 ||  1078
